 Dungeon Crawl Stone Soup version 0.31.0 (webtiles) character file.

Game seed: 2694648514532131089

4622 qw the Skirmisher (level 10, 0/65 HPs)
             Began as a Gargoyle Hunter on Jan 20, 2024.
             Was an Elder of Okawaru.
             Slain by a two-headed ogre
             ... wielding a +0 giant club
              (11 damage)
             ... on level 9 of the Dungeon.
             The game lasted 00:00:44 (7071 turns).

qw the Skirmisher (Gargoyle Hunter)                 Turns: 7071, Time: 00:00:45

Health: 0/65       AC: 18    Str: 16    XL:     10   Next: 42%
Magic:  9/14       EV: 18    Int:  9    God:    Okawaru [****..]
Gold:   296        SH:  0    Dex: 17    Spells: 9/9 levels left

rFire   + . .        o - -2 hand cannon
rCold   . . .        (no shield)
rNeg    + . .        l - +1 leather armour {rF+}
rPois   inf          f - +2 helmet
rElec   +            b - +0 cloak
rCorr   .            e - +0 pair of gloves
SInv    .            d - +0 pair of boots
Will    .....        (no amulet)
Stlth   ++           a - +5 ring of evasion
HPRegen 0.30/turn    (no ring)
MPRegen 0.14/turn

%: no passive effects
@: about to teleport, finesse-ful
A: sickness immunity, AC +7, negative energy resistance 1, electricity
resistance, torment resistance 1, petrification resistance
a: Renounce Religion, Heroism, Finesse


You were on level 9 of the Dungeon.
You worshipped Okawaru.
Okawaru was greatly pleased with you.
You visited 2 branches of the dungeon, and saw 10 of its levels.

You collected 342 gold pieces.
You spent 46 gold pieces at shops.


Innate Abilities, Weirdness & Mutations

You are immune to sickness and miasma.
Your stone body is resilient. (AC +7)
You are immune to poison.
You resist negative energy. (rN+)
You are resistant to electric shocks. (rElec)
You are resistant to unholy torment.
You are immune to petrification.


   Skills:
 - Level 8.4 Fighting
 + Level 11.7 Ranged Weapons
 - Level 3.2 Armour
 - Level 3.0 Dodging
 - Level 1.1 Stealth
 + Level 5.5 Invocations


You had 9 spell levels left.
You didn't know any spells.
Your spell library was empty.

Inventory:

Hand Weapons
 o - a -2 hand cannon (weapon)
Armour
 b - a +0 cloak (worn)
 d - a +0 pair of boots (worn)
 e - a +0 pair of gloves (worn)
 f - a +2 helmet (worn)
 l - a +1 leather armour of fire resistance (worn)
Jewellery
 a - a +5 ring of evasion (left hand)
Wands
 j - a wand of quicksilver (14)
 k - a wand of roots (3)
Scrolls
 m - 3 scrolls of noise {unknown}
Potions
 c - a potion of cancellation {unknown}
 g - 3 potions of curing
 i - a potion of resistance
 p - 2 potions of haste

Dungeon Overview and Level Annotations

Branches:
Dungeon (9/15)             Temple (1/1) D:5
   Lair: D:8-11         Orc: D:9-12

Altars:
Ashenzari
Cheibriados
Dithmenos
Elyvilon
Fedhas
Gozag
Kikubaaqudgha
Makhleb
Nemelex Xobeh
Okawaru
Qazlal
Ru
Sif Muna
Uskayaw
Vehumet
Wu Jian
Xom
Yredelemnul
Zin
The Shining One

Shops:
D:3 *   D:5 (   D:8 *

Annotations:
D:8 2 runed translucent doors


Message History

7061 ||| READING 2 scrolls of teleportation.
As you read the scroll of teleportation, it crumbles to dust.
You feel strangely unstable.
The centaur warrior unwields a +0 shortbow.
The centaur warrior hits you.
The centaur warrior kicks you but does no damage.
You shoot a bolt. The bolt hits the centaur warrior.
The centaur warrior is almost dead.
The centaur warrior hits you but does no damage.
The centaur warrior kicks you but does no damage.
You shoot a bolt.
The bolt closely misses the centaur warrior.
The bolt barely misses the death knight.
The centaur warrior barely misses you. The centaur warrior kicks you.
You shoot a bolt. The bolt hits the centaur warrior.
You kill the centaur warrior!
Okawaru is honoured by your kill.
Your surroundings suddenly seem different.
A two-headed ogre comes into view.
It is wielding a +0 giant club and a +0 giant spiked club.
Found a wand of flame (2), a war axe and a ring mail.
The two-headed ogre shouts in stereo!
Your Invocations skill increases to level 5!
You shoot a bolt.
The bolt barely misses the two-headed ogre.
You shoot a bolt. The bolt hits the two-headed ogre!
The two-headed ogre is lightly wounded.
You shoot a bolt.
The bolt barely misses the two-headed ogre.
You shoot a bolt. The bolt hits the two-headed ogre!
The two-headed ogre is heavily wounded.
7069 ||| READING scroll of teleportation.
As you read the scroll of teleportation, it crumbles to dust.
You feel strangely unstable.
You shoot a bolt. The bolt hits the two-headed ogre!
The two-headed ogre is heavily wounded.
You shoot a bolt. The bolt hits the two-headed ogre.
The two-headed ogre is severely wounded.
The two-headed ogre barely misses you.
The two-headed ogre hits you with a +0 giant spiked club!
You die...

...# #..#
#..# #[.#
#..#
######..#
.....)/O#
#.@# #.0#
#..# #..#
#..# #..#
...# ...#


You could see a two-headed ogre.

Vanquished Creatures
  A centaur warrior (D:9)
  A cyclops (D:8)
  A troll (D:9)
  A hornet (D:9)
  A shadow (D:7)
  A wyvern (D:9)
  A steam dragon (D:7)
  A wraith (D:6)
  An acid dragon (D:8)
  A water moccasin (D:6)
  4 sky beasts
  3 ice beasts
  2 orc warriors
  A black bear (D:8)
  2 ogres
  A centaur (D:8)
  2 kobold brigands
  2 bullfrogs (D:7)
  A scorpion (D:7)
  A vampire bat (D:4)
  3 howler monkeys (D:9)
  2 bombardier beetles
  A gnoll bouda (D:7)
  2 orc priests (D:8)
  2 hounds
  A jelly (D:5)
  3 iguanas
  5 orc wizards
  14 gnolls
  4 adders
  4 white imps (D:6)
  3 ribbon worms
  A dart slug (D:4)
  38 orcs
  7 bats
  3 bat skeletons (D:4)
  2 bat zombies (D:4)
  6 endoplasms
  4 giant cockroaches
  12 goblins
  14 hobgoblins
  11 jackals
  18 kobolds
  4 quokkas
  4 ball pythons
  3 frilled lizards
  8 rats
208 creatures vanquished.

Vanquished Creatures (others)
  An orc wizard (D:9)
1 creature vanquished.

Grand Total: 209 creatures vanquished

Notes
Turn   | Place    | Note
-------+----------+-------------------------------------------
     0 | D:1      | qw the Gargoyle Hunter began the quest for the Orb.
     0 | D:1      | Reached XP level 1. HP: 12/12 MP: 1/1
     0 | D:1      | 0 ||| qw: Version: 0.3-a-132-g3d54051
     0 | D:1      | 0 ||| qw: Game counter: 555
     0 | D:1      | 0 ||| qw: Melee chars always use a shield: true
     0 | D:1      | 0 ||| qw: God list: Okawaru
     0 | D:1      | 0 ||| qw: Allow faded altars: false
     0 | D:1      | 0 ||| qw: Do Orc after clearing Dungeon:15 true
     0 | D:1      | 0 ||| qw: Do second Lair branch before Depths: true
     0 | D:1      | 0 ||| qw: Lair rune preference: random
     0 | D:1      | 0 ||| qw: Goals: Normal
     0 | D:1      | 0 ||| PLANNING D:1-11
    54 | D:1      | Reached XP level 2. HP: 17/17 MP: 2/2
   324 | D:1      | Reached XP level 3. HP: 20/21 MP: 3/3
   491 | D:1      | Reached skill level 5 in Ranged Weapons
   753 | D:1      | 753 ||| READING scroll labelled ERAAM FIE.
   753 | D:1      | 753 ||| ENCHANTING +0 shortbow.
   754 | D:1      | 754 ||| READING scroll labelled LAZALL LILU.
   754 | D:1      | 754 ||| IDENTIFYING fizzy silvery potion
   755 | D:1      | 755 ||| READING scroll labelled XAURGH IPLENA.
   756 | D:1      | 756 ||| DROPPING scroll of butterflies.
   757 | D:1      | 757 ||| DROPPING potion of attraction.
  1176 | D:2      | 1176 ||| UPGRADING to +0 pair of boots.
  1182 | D:2      | 1182 ||| UPGRADING to +0 helmet.
  1278 | D:2      | Reached skill level 3 in Fighting
  1292 | D:2      | Reached skill level 1 in Armour
  1292 | D:2      | Reached XP level 4. HP: 28/28 MP: 4/4
  1434 | D:2      | 1434 ||| READING scroll labelled ZAFIYNI YFEUMO.
  1435 | D:2      | 1435 ||| FLEEEEING.
  1437 | D:2      | 1437 ||| DRINKING 2 cyan potions.
  1453 | D:3      | Found Feadghiucw's Assorted Antiques.
  1473 | D:3      | 1473 ||| BUYING blue potion (24 gold).
  1473 | D:3      | Bought a blue potion for 24 gold pieces
  1473 | D:3      | 1473 ||| SHOPLISTING brightly glowing robe (153 gold, have
                  | 20).
  1473 | D:3      | 1473 ||| SHOPLISTING metallic grey potion (24 gold, have
                  | 20).
  1473 | D:3      | 1473 ||| SHOPLISTING ring mail (108 gold, have 20).
  1966 | D:3      | Found a faded altar of an unknown god.
  2060 | D:3      | 2060 ||| UPGRADING to +1 leather armour of fire resistance.
  2070 | D:3      | 2070 ||| DROPPING +0 leather armour.
  2071 | D:3      | 2071 ||| READING scroll labelled JILORA JAFEUT.
  2072 | D:3      | 2072 ||| READING scroll labelled OTHYNE IJUOM.
  2143 | D:4      | Reached XP level 5. HP: 12/32 MP: 5/5
  2143 | D:4      | 2143 ||| STAIRDANCE
  2145 | D:3      | 2145 ||| FLEEEEING.
  2283 | D:4      | Reached skill level 6 in Ranged Weapons
  2486 | D:4      | Found an ancient bone altar of Kikubaaqudgha.
  2603 | D:4      | Reached XP level 6. HP: 38/38 MP: 6/6
  2613 | D:4      | 2613 ||| FLEEEEING.
  2953 | D:4      | 2953 ||| READING scroll of identify.
  2953 | D:4      | 2953 ||| IDENTIFYING blue potion
  2954 | D:4      | 2954 ||| DROPPING potion of degeneration.
  2986 | D:5      | Entered Level 5 of the Dungeon
  3004 | D:5      | 3004 ||| FLEEEEING.
  3009 | D:5      | 3009 ||| STAIRDANCE
  3063 | D:5      | Found a basalt altar of Yredelemnul.
  3116 | D:5      | Found a staircase to the Ecumenical Temple.
  3117 | D:5      | 3117 ||| PLANNING TEMPLE
  3126 | Temple   | Entered the Ecumenical Temple
  3127 | Temple   | 3127 ||| PLANNING OKAWARU WORSHIP
  3130 | Temple   | Became a worshipper of Warmaster Okawaru
  3131 | Temple   | 3131 ||| PLANNING D:1-11
  3207 | D:5      | Found Heox's Weapon Shop.
  3219 | D:5      | 3219 ||| SHOPLISTING +4 sling of freezing (247 gold, have
                  | 116).
  3244 | D:5      | Noticed a sky beast
  3245 | D:5      | 3245 ||| ZAPPING wand of flame (26) at -7,6 (sky beast;
                  | floor).
  3246 | D:5      | 3246 ||| ZAPPING wand of flame (25) at -6,5 (sky beast;
                  | floor).
  3247 | D:5      | 3247 ||| ZAPPING wand of flame (24) at -5,4 (sky beast;
                  | floor).
  3248 | D:5      | 3248 ||| ZAPPING wand of flame (23) at -4,4 (sky beast;
                  | floor).
  3249 | D:5      | 3249 ||| ZAPPING wand of flame (22) at -4,3 (sky beast;
                  | floor).
  3250 | D:5      | 3250 ||| ZAPPING wand of flame (21) at -3,2 (sky beast;
                  | floor).
  3251 | D:5      | 3251 ||| ZAPPING wand of quicksilver (4) at -2,1 (sky
                  | beast; floor).
  3251 | D:5      | Killed a sky beast
  3252 | D:5      | Reached skill level 7 in Ranged Weapons
  3253 | D:5      | Reached * piety under Okawaru
  3254 | D:5      | Reached XP level 7. HP: 22/43 MP: 7/7
  3363 | D:5      | 3363 ||| READING scroll of enchant weapon.
  3363 | D:5      | 3363 ||| ENCHANTING +1 shortbow.
  3468 | D:5      | Reached skill level 1 in Invocations
  3470 | D:5      | 3470 ||| FLEEEEING.
  3731 | D:5      | 3731 ||| SWAPPING to +0 orcbow.
  3734 | D:5      | 3734 ||| FLEEEEING.
  3744 | D:5      | 3744 ||| DROPPING +2 shortbow.
  3758 | D:5      | 3758 ||| READING scroll labelled OPREUSK WIUNK.
  3938 | D:6      | Reached skill level 3 in Invocations
  3951 | D:6      | Reached skill level 8 in Ranged Weapons
  3951 | D:6      | Reached XP level 8. HP: 48/48 MP: 10/10
  4009 | D:6      | 4009 ||| READING scroll of enchant weapon.
  4009 | D:6      | 4009 ||| ENCHANTING +0 orcbow.
  4090 | D:6      | Reached ** piety under Okawaru
  4095 | D:6      | 4095 ||| FLEEEEING.
  4132 | D:6      | Identified the +7 mace of Meopsoek {vamp, *Slow Int+7}
  4427 | D:6      | Noticed a wraith
  4428 | D:6      | 4428 ||| INVOKING Heroism.
  4435 | D:6      | Killed a wraith
  4503 | D:6      | Reached skill level 9 in Ranged Weapons
  4803 | D:6      | 4803 ||| UPGRADING to +5 ring of evasion.
  4804 | D:6      | 4804 ||| READING 2 scrolls of identify.
  4804 | D:6      | 4804 ||| IDENTIFYING bubbling green potion
  4805 | D:6      | 4805 ||| READING scroll of identify.
  4805 | D:6      | 4805 ||| IDENTIFYING glowing green potion
  4806 | D:6      | 4806 ||| READING 2 scrolls labelled LIUTSET QIEFA.
  4806 | D:6      | 4806 ||| ENCHANTING +0 helmet.
  4807 | D:6      | 4807 ||| READING scroll of enchant armour.
  4807 | D:6      | 4807 ||| ENCHANTING +1 helmet.
  4808 | D:6      | 4808 ||| READING 2 scrolls labelled DUOTRO VUPTAFF.
  4809 | D:6      | 4809 ||| READING 2 scrolls labelled LYFIHI XYTEF RUDD.
  4810 | D:6      | 4810 ||| DRINKING 2 metallic pink potions.
  4811 | D:6      | 4811 ||| DROPPING potion of lignification.
  4812 | D:6      | 4812 ||| DROPPING scroll of revelation.
  4813 | D:6      | 4813 ||| DROPPING scroll of blinking.
  4823 | D:7      | 4823 ||| STAIRDANCE
  4845 | D:6      | Reached skill level 6 in Fighting
  4893 | D:7      | 4893 ||| STAIRDANCE
  4900 | D:7      | 4900 ||| STAIRDANCE
  4928 | D:7      | 4928 ||| STAIRDANCE
  4933 | D:7      | 4933 ||| STAIRDANCE
  4938 | D:7      | 4938 ||| STAIRDANCE
  4979 | D:7      | Reached XP level 9. HP: 51/55 MP: 12/12
  5082 | D:7      | Reached *** piety under Okawaru
  5083 | D:7      | Reached skill level 10 in Ranged Weapons
  5083 | D:7      | 5083 ||| FLEEEEING.
  5288 | D:7      | 5288 ||| READING scroll of enchant weapon.
  5288 | D:7      | 5288 ||| ENCHANTING +1 orcbow.
  5349 | D:7      | Reached skill level 3 in Dodging
  5357 | D:7      | HP: 11/56 [gnoll/+0 halberd[a gnoll bouda] (8)]
  5358 | D:7      | 5358 ||| READING 2 scrolls of teleportation.
  5359 | D:7      | 5359 ||| DRINKING potion of heal wounds.
  5361 | D:7      | 5361 ||| FLEEEEING.
  5362 | D:7      | 5362 ||| STAIRDANCE
  5445 | D:6      | 5445 ||| READING 2 scrolls of identify.
  5445 | D:6      | 5445 ||| IDENTIFYING fizzy cyan potion
  5446 | D:6      | 5446 ||| READING scroll of identify.
  5446 | D:6      | 5446 ||| IDENTIFYING metallic grey potion
  5447 | D:6      | 5447 ||| DROPPING wand of flame (20).
  5448 | D:6      | 5448 ||| DROPPING potion of invisibility.
  5600 | D:7      | Found an ornate altar of the Wu Jian Council.
  5720 | D:7      | 5720 ||| UPGRADING to +0 cloak.
  5776 | D:8      | Noticed a cyclops
  5777 | D:8      | 5777 ||| INVOKING Heroism.
  5784 | D:8      | Killed a cyclops
  5809 | D:8      | Found a runed translucent door.
  5859 | D:8      | 5859 ||| FLEEEEING.
  5860 | D:8      | 5860 ||| FLEEEEING.
  5861 | D:8      | 5861 ||| FLEEEEING.
  5867 | D:8      | 5867 ||| FLEEEEING.
  5868 | D:8      | 5868 ||| FLEEEEING.
  5869 | D:8      | 5869 ||| FLEEEEING.
  5870 | D:8      | 5870 ||| FLEEEEING.
  5871 | D:8      | 5871 ||| FLEEEEING.
  5872 | D:8      | 5872 ||| FLEEEEING.
  5873 | D:8      | 5873 ||| FLEEEEING.
  5874 | D:8      | 5874 ||| FLEEEEING.
  5875 | D:8      | 5875 ||| FLEEEEING.
  5876 | D:8      | 5876 ||| FLEEEEING.
  5877 | D:8      | 5877 ||| FLEEEEING.
  5878 | D:8      | 5878 ||| FLEEEEING.
  5880 | D:8      | 5880 ||| FLEEEEING.
  5881 | D:8      | 5881 ||| FLEEEEING.
  5882 | D:8      | 5882 ||| FLEEEEING.
  5883 | D:8      | 5883 ||| FLEEEEING.
  5884 | D:8      | 5884 ||| FLEEEEING.
  5885 | D:8      | 5885 ||| FLEEEEING.
  5892 | D:8      | Reached skill level 11 in Ranged Weapons
  6074 | D:8      | Found a stormy altar of Qazlal.
  6089 | D:8      | Found a glowing golden altar of the Shining One.
  6208 | D:8      | Reached skill level 3 in Armour
  6208 | D:8      | 6208 ||| FLEEEEING.
  6210 | D:8      | 6210 ||| FLEEEEING.
  6211 | D:8      | 6211 ||| FLEEEEING.
  6212 | D:8      | 6212 ||| FLEEEEING.
  6213 | D:8      | 6213 ||| FLEEEEING.
  6214 | D:8      | 6214 ||| FLEEEEING.
  6380 | D:8      | Found a snail-covered altar of Cheibriados.
  6421 | D:8      | Found a runed translucent door.
  6474 | D:8      | Found Becie's Lightly-Used Armoury.
  6482 | D:8      | 6482 ||| BUYING -1 longbow (21 gold).
  6482 | D:8      | Bought a -1 longbow for 21 gold pieces
  6482 | D:8      | 6482 ||| BUYING -2 hand cannon (1 gold).
  6482 | D:8      | Bought a -2 hand cannon for 1 gold piece
  6482 | D:8      | 6482 ||| SWAPPING to -2 hand cannon.
  6483 | D:8      | 6483 ||| FLEEEEING.
  6485 | D:8      | 6485 ||| FLEEEEING.
  6486 | D:8      | 6486 ||| FLEEEEING.
  6490 | D:8      | 6490 ||| FLEEEEING.
  6491 | D:8      | 6491 ||| FLEEEEING.
  6492 | D:8      | 6492 ||| FLEEEEING.
  6493 | D:8      | 6493 ||| FLEEEEING.
  6498 | D:8      | 6498 ||| FLEEEEING.
  6499 | D:8      | 6499 ||| FLEEEEING.
  6500 | D:8      | 6500 ||| FLEEEEING.
  6508 | D:8      | 6508 ||| FLEEEEING.
  6509 | D:8      | 6509 ||| FLEEEEING.
  6510 | D:8      | 6510 ||| FLEEEEING.
  6511 | D:8      | 6511 ||| FLEEEEING.
  6512 | D:8      | 6512 ||| FLEEEEING.
  6515 | D:8      | 6515 ||| DROPPING +2 orcbow.
  6516 | D:8      | 6516 ||| DROPPING -1 longbow.
  6525 | D:8      | 6525 ||| ZAPPING wand of quicksilver (18) at 0,2 (black
                  | bear; floor).
  6530 | D:8      | Reached XP level 10. HP: 64/64 MP: 13/13
  6748 | D:8      | 6748 ||| UPGRADING to +0 pair of gloves.
  6868 | D:9      | Reached **** piety under Okawaru
  6887 | D:9      | 6887 ||| FLEEEEING.
  6897 | D:9      | 6897 ||| STAIRDANCE
  7048 | D:9      | Noticed a centaur warrior
  7049 | D:9      | 7049 ||| ZAPPING wand of quicksilver (17) at 1,6 (centaur
                  | warrior; floor).
  7050 | D:9      | 7050 ||| ZAPPING wand of quicksilver (16) at 1,5 (centaur
                  | warrior; floor).
  7051 | D:9      | 7051 ||| ZAPPING wand of quicksilver (15) at 0,3 (centaur
                  | warrior; floor).
  7051 | D:9      | Noticed a death knight
  7052 | D:9      | 7052 ||| INVOKING Finesse.
  7053 | D:9      | 7053 ||| INVOKING Finesse.
  7060 | D:9      | HP: 13/65 [death knight/arrow (4)]
  7061 | D:9      | 7061 ||| READING 2 scrolls of teleportation.
  7064 | D:9      | Killed a centaur warrior
  7064 | D:9      | Noticed a two-headed ogre
  7069 | D:9      | 7069 ||| READING scroll of teleportation.
  7071 | D:9      | Slain by a two-headed ogre

Levels and vault maps discovered:
D:1:      saegor_arrival_simple_e, layout_basic
D:2:      minmay_alternating_diamond, layout_basic,
          hangedman_decor_diamond_cutter, wad_floor_pattern_untrapped,
          minmay_strange_pillars
D:3:      layout_rooms, serial_aquarium, aquarium_bridge_long_joined
          [aquarium_subvault_balcony, aquarium_subvault_window,
          aquarium_subvault_bridge, aquarium_subvault_bridge,
          aquarium_subvault_wall, aquarium_subvault_wall], aquarium_window_fake,
          aquarium_window_fake, aquarium_window_1, aquarium_window_corridor_3,
          aquarium_view_2b, aquarium_view_2d, aquarium_pool_side,
          shapermc_ecumenical_altar_mp_ritualfount, serial_shops,
          nicolae_shop_window_shopping, nrook_mini_vaults
D:4:      layout_gridville, kennysheep_vampire_church, serial_bayou_pond_d
D:5:      layout_gridville, mainiacjoe_overflow_tiny_flanked,
          minmay_temple_entry_stoned_glass, serial_shops, shop,
          serial_bayou_pond_c
D:6:      corexii_shantytown, layout_loops_ring
D:7:      layout_gridville, pdpol_wu_jian_five_deadly_venoms
D:8:      cheibrodos_histonic, layout_loops_corners,
          nicolae_overflow_hidden_temple, slow_altar_2, lemuel_doored_altar,
          minmay_shop_damaged
D:9:      kennysheep_blocky_room, layout_long_grid, nzn_hepliaklqana_mist_gate,
          nicolae_overflow_crystal_walls, david_orc_2, fountainhead,
          corexii_leaking_fountain, kennysheep_small_spiral
Temple:   zaba_magenta_temple

Skill      XL: |  1  2  3  4  5  6  7  8  9 10 |
---------------+-------------------------------+-----
Ranged Weapons | 5 6 7 8 9 11 | 11.7
Fighting       | 3 4 6 7 8 |  8.4
Armour         | 1 3 |  3.2
Dodging        | 2 3 |  3.0
Invocations    | 3 4 5 |  5.5
Stealth        | |  1.1

Action                     |  1- 3 |  4- 6 |  7- 9 | 10-12 || total
---------------------------+-------+-------+-------+-------++-------
   Fire: Shortbow          |   141 |   179 |    18 |       ||   338
         Orcbow            |       |       |   369 |       ||   369
         Hand cannon       |       |       |    11 |    65 ||    76
 Invoke: Heroism           |       |       |     2 |       ||     2
         Finesse           |       |       |       |     1 ||     1
  Evoke: Wand              |       |     7 |     1 |     3 ||    11
    Use: Scroll            |     3 |     4 |    13 |     2 ||    22
         Potion            |       |     1 |     2 |       ||     3
 Armour: Leather armour    |    37 |    63 |   144 |    66 ||   310
  Dodge: Dodged            |    38 |    51 |   157 |    88 ||   334

Table legend:
 A = Non-vault XP
 B = Vault XP
 C = Vault XP percentage of total XP
 D = Non-vault monster count
 E = Vault monster count
 F = Vault count percentage of total count
                 A         B        C        D         E       F
            +---------+---------+-------+---------+---------+-------
      Total |    4787 |    1817 |  27.5 |     162 |      46 |  22.1
            +---------+---------+-------+---------+---------+-------
        D:1 |      58 |       0 |   0.0 |      33 |       0 |   0.0
        D:2 |      25 |       4 |  13.8 |       9 |       4 |  30.8
        D:3 |      42 |       0 |   0.0 |      17 |       0 |   0.0
        D:4 |     175 |      67 |  27.7 |      15 |       6 |  28.6
        D:5 |     491 |       0 |   0.0 |      14 |       0 |   0.0
        D:6 |    1329 |      90 |   6.3 |      35 |      30 |  46.2
        D:7 |    1185 |       0 |   0.0 |      18 |       0 |   0.0
        D:8 |    1216 |       5 |   0.4 |      16 |       1 |   5.9
        D:9 |     266 |    1651 |  86.1 |       5 |       5 |  50.0
            +---------+---------+-------+---------+---------+-------
